PR
LADUE RAMS @ REDWOOD RHINOS
07/18/2042
 
TOP OF THE 1ST
Ladue Rams batting - Pitching for Redwood Rhinos : LHP Jesús Mercado
Pitching: LHP Jesús Mercado
Batting: RHB Nick Davis 0-0: Ball
1-0: Foul Ball, location: 2F
1-1: Foul Ball, location: 2F
1-2: Strikes out swinging
Batting: RHB Tangaloa Manaolana 0-0: Ground out 5-3 (Groundball, 56S, EV 85.0 MPH)
Batting: LHB Ruff McGruffin 0-0: Ball
1-0: Ball
2-0: Ball
3-0: Base on Balls
Batting: RHB Gin-fan Chong 0-0: Ball
1-0: Called Strike
1-1: Ball
2-1: Fly out, F8 (Flyball, 89M, EV 92.5 MPH)
Top of the 1st over - 0 runs, 0 hits, 0 errors, 1 left on base; Ladue 0 - Redwood 0
BOTTOM OF THE 1ST
Redwood Rhinos batting - Pitching for Ladue Rams : LHP Bill Williams
Pitching: LHP Bill Williams
Batting: RHB Roy MacDonald 0-0: Ground out 5-3 (Groundball, 5, EV 86.9 MPH)
Batting: RHB Derek Leyva 0-0: Ball
1-0: DOUBLE (Line Drive, 89D, EV 106.9 MPH)
Batting: RHB Luis Ibáńez 0-0: Swinging Strike
0-1: Foul Ball, location: 2F
0-2: Ball
1-2: Strikes out swinging
Batting: RHB Guonçalle Sprengel 0-0: Ground out 5-3 (Groundball, 56, EV 90.6 MPH)
Bottom of the 1st over - 0 runs, 1 hit, 0 errors, 1 left on base; Ladue 0 - Redwood 0
TOP OF THE 2ND
Ladue Rams batting - Pitching for Redwood Rhinos : LHP Jesús Mercado
Batting: RHB Drew Rose 0-0: Swinging Strike
0-1: Ball
1-1: Ball
2-1: Foul Ball, location: 2F
2-2: Fly out, F6 (Popup, 6M, EV 52.5 MPH)
Pitching: RHP Rubén Sánchez
Batting: RHB Yuk Ye 0-0: Called Strike
0-1: SINGLE (Groundball, 6MD, EV 103.1 MPH)
Batting: SHB Tom Lenehan 0-0: Called Strike
0-1: Fielders Choice at 2nd, 4-6 (Groundball, 4, EV 111.9 MPH)
Batting: LHB Jermaine Tuttle 0-0: Foul Ball, location: 2F
0-1: Fly out, F8 (Flyball, 8LM, EV 90.6 MPH)
Top of the 2nd over - 0 runs, 1 hit, 0 errors, 1 left on base; Ladue 0 - Redwood 0
BOTTOM OF THE 2ND
Redwood Rhinos batting - Pitching for Ladue Rams : LHP Bill Williams
Batting: RHB Arturo Beltrán 0-0: Ball
1-0: Foul Ball, location: 2F
1-1: Ball
2-1: Foul Ball, location: 2F
2-2: Fly out, F9 (Flyball, 89D, EV 106.2 MPH)
Batting: RHB Scott Fletcher 0-0: Fly out, F7 (Flyball, 78D, EV 88.8 MPH)
Batting: SHB Ralph Ludwig 0-0: Ball
1-0: Ball
2-0: Fly out, F8 (Line Drive, 8LD, EV 107.5 MPH)
Bottom of the 2nd over - 0 runs, 0 hits, 0 errors, 0 left on base; Ladue 0 - Redwood 0
TOP OF THE 3RD
Ladue Rams batting - Pitching for Redwood Rhinos : RHP Rubén Sánchez
Batting: LHB Guillermo Valverde 0-0: Swinging Strike
0-1: Swinging Strike
0-2: Foul Ball, location: 2F
0-2: Strikes out looking
Batting: RHB Nick Davis 0-0: Ball
1-0: Swinging Strike
1-1: Called Strike
1-2: Ball
2-2: Fly out, F7 (Flyball, 7S, EV 95.0 MPH)
Batting: RHB Tangaloa Manaolana 0-0: Ball
1-0: Ball
2-0: DOUBLE (Flyball, 8RXD, EV 95.0 MPH)
Batting: LHB Ruff McGruffin 0-0: Ball
1-0: Swinging Strike
1-1: Foul Ball, location: 2F
1-2: Strikes out swinging
Top of the 3rd over - 0 runs, 1 hit, 0 errors, 1 left on base; Ladue 0 - Redwood 0
BOTTOM OF THE 3RD
Redwood Rhinos batting - Pitching for Ladue Rams : LHP Bill Williams
Batting: RHB Jimmy Cooper 0-0: Bunted foul
0-1: Ball
1-1: Called Strike
1-2: Ball
2-2: Strikes out swinging
Batting: LHB Stan Daniels 0-0: Called Strike
0-1: Foul Ball, location: 2F
0-2: Ball
1-2: Foul Ball, location: 2F
1-2: Fly out, F9 (Line Drive, 9, EV 92.5 MPH)
Batting: RHB Roy MacDonald 0-0: Hit by Pitch
Pinch Runner at 1st Lewis Burnell:
Batting: RHB Derek Leyva Pickoff Throw to First - Out! 1-3
Bottom of the 3rd over - 0 runs, 0 hits, 0 errors, 0 left on base; Ladue 0 - Redwood 0
TOP OF THE 4TH
Ladue Rams batting - Pitching for Redwood Rhinos : RHP Rubén Sánchez
Now in CF: Lewis Burnell
Batting: RHB Gin-fan Chong 0-0: Foul Ball, location: 2F
0-1: Ball
1-1: Fly out, F3 (Popup, 34, EV 56.2 MPH)
Batting: RHB Drew Rose 0-0: SINGLE (Groundball, 5L, EV 100.6 MPH)
Batting: RHB Yuk Ye 0-0: Called Strike
0-1: Ball
1-1: Swinging Strike
1-2: Foul Ball, location: 2F
1-2: Ball
2-2: Foul Ball, location: 2F
2-2: Strikes out swinging
Batting: SHB Tom Lenehan 0-0: Called Strike
0-1: Foul Ball, location: 2F
0-2: Foul Ball, location: 2F
0-2: Foul Ball, location: 2F
0-2: Ball
1-2: Ball
2-2: Foul Ball, location: 2F
2-2: Strikes out swinging
Top of the 4th over - 0 runs, 1 hit, 0 errors, 1 left on base; Ladue 0 - Redwood 0
BOTTOM OF THE 4TH
Redwood Rhinos batting - Pitching for Ladue Rams : LHP Bill Williams
Batting: RHB Derek Leyva 0-0: Swinging Strike
0-1: Swinging Strike
0-2: Ball
1-2: Foul Ball, location: 2F
1-2: Fly out, F9 (Flyball, 9LS, EV 96.2 MPH)
Batting: RHB Luis Ibáńez 0-0: Foul Ball, location: 2F
0-1: Swinging Strike
0-2: Ground out 6-3 (Groundball, 6, EV 89.4 MPH)
Batting: RHB Guonçalle Sprengel 0-0: Called Strike
0-1: SINGLE (Line Drive, 6M, EV 96.2 MPH)
Batting: RHB Arturo Beltrán 0-0: Foul Ball, location: 2F
0-1: Ball
1-1: Ball
2-1: Called Strike
2-2: Ball
3-2: Foul Ball, location: 2F
3-2: Hit by Pitch
Guonçalle Sprengel to second
Batting: RHB Scott Fletcher 0-0: Ball
Wild Pitch!
Guonçalle Sprengel to third
Arturo Beltrán to second
1-0: Ball
2-0: Ball
3-0: Called Strike
3-1: Called Strike
3-2: Ground out 5-3 (Groundball, 5, EV 101.2 MPH)
Bottom of the 4th over - 0 runs, 1 hit, 0 errors, 2 left on base; Ladue 0 - Redwood 0
TOP OF THE 5TH
Ladue Rams batting - Pitching for Redwood Rhinos : RHP Rubén Sánchez
Batting: LHB Jermaine Tuttle 0-0: Ball
1-0: Called Strike
1-1: Foul Ball, location: 2F
1-2: Foul Ball, location: 2F
1-2: Ground out 5-3 (Groundball, 56, EV 85.0 MPH)
Batting: LHB Guillermo Valverde 0-0: Ball
1-0: Foul Ball, location: 2F
1-1: Ball
2-1: Foul Ball, location: 2F
2-2: Fly out, F6 (Flyball, 6D, EV 93.1 MPH)
Batting: RHB Nick Davis 0-0: Called Strike
0-1: Ball
1-1: Ball
2-1: Ball
3-1: Foul Ball, location: 2F
3-2: Foul Ball, location: 2F
3-2: Foul Ball, location: 2F
3-2: Foul Ball, location: 2F
3-2: Foul Ball, location: 2F
3-2: Foul Ball, location: 2F
3-2: Base on Balls
Batting: RHB Tangaloa Manaolana 0-0: Ball
1-0: Ball
2-0: Fielders Choice at 2nd, 6-4 (Groundball, 6, EV 83.1 MPH)
Top of the 5th over - 0 runs, 0 hits, 0 errors, 1 left on base; Ladue 0 - Redwood 0
BOTTOM OF THE 5TH
Redwood Rhinos batting - Pitching for Ladue Rams : LHP Bill Williams
Batting: SHB Ralph Ludwig 0-0: Called Strike
0-1: Ball
1-1: Fly out, F8 (Flyball, 89M, EV 90.0 MPH)
Batting: RHB Jimmy Cooper 0-0: Ball
1-0: Swinging Strike
1-1: Ball
2-1: Ball
3-1: Fly out, F6 (Popup, 6MD, EV 55.0 MPH)
Batting: LHB Stan Daniels 0-0: Called Strike
0-1: Called Strike
0-2: Foul Ball, location: 2F
0-2: Strikes out swinging
Bottom of the 5th over - 0 runs, 0 hits, 0 errors, 0 left on base; Ladue 0 - Redwood 0
TOP OF THE 6TH
Ladue Rams batting - Pitching for Redwood Rhinos : RHP Rubén Sánchez
Batting: LHB Ruff McGruffin 0-0: Ball
1-0: Ball
2-0: Ball
3-0: Called Strike
3-1: Foul Ball, location: 2F
3-2: Base on Balls
Batting: RHB Gin-fan Chong 0-0: Foul Ball, location: 2F
0-1: Ball
1-1: SINGLE (Line Drive, 6D, EV 103.8 MPH)
Ruff McGruffin to second
Batting: RHB Drew Rose 0-0: Swinging Strike
0-1: Ball
1-1: Ball
2-1: Ball
3-1: Base on Balls
Ruff McGruffin to third
Gin-fan Chong to second
Batting: RHB Yuk Ye 0-0: Called Strike
0-1: Foul Ball, location: 2F
0-2: Grounds into double play, 4-6-3 (Groundball, 4, EV 85.6 MPH)
Ruff McGruffin scores
Gin-fan Chong to third
Batting: SHB Tom Lenehan 0-0: Called Strike
0-1: SINGLE (Groundball, 34D, EV 103.8 MPH)
Gin-fan Chong scores
Batting: LHB Jermaine Tuttle 0-0: Ball
Tom Lenehan steals 2nd base
1-0: DOUBLE (Line Drive, 3D, EV 106.9 MPH)
Tom Lenehan scores
Batting: LHB Guillermo Valverde 0-0: Ball
1-0: SINGLE (Flyball, 9S, EV 100.0 MPH)
Jermaine Tuttle to third
Runner from 3rd tries for Home, SAFE, no throw by RF
Batting: RHB Nick Davis 0-0: Ball
1-0: Ball
2-0: Called Strike
2-1: Foul Ball, location: 2F
2-2: Ball
3-2: Foul Ball, location: 2F
3-2: Base on Balls
Guillermo Valverde to second
Batting: RHB Tangaloa Manaolana 0-0: Foul Ball, location: 2F
0-1: Swinging Strike
0-2: Ball
1-2: Ball
2-2: Ball
3-2: Strikes out swinging
Top of the 6th over - 4 runs, 4 hits, 0 errors, 2 left on base; Ladue 4 - Redwood 0
BOTTOM OF THE 6TH
Redwood Rhinos batting - Pitching for Ladue Rams : LHP Bill Williams
Batting: LHB Lewis Burnell 0-0: Ball
1-0: Ball
2-0: Ball
3-0: Called Strike
3-1: Foul Ball, location: 2F
3-2: Fly out, F4 (Line Drive, 4, EV 65.6 MPH)
Batting: RHB Derek Leyva 0-0: Ball
1-0: Called Strike
1-1: Ball
2-1: Ground out U3 (Groundball, 3, EV 106.2 MPH)
Batting: RHB Luis Ibáńez 0-0: Swinging Strike
0-1: Ball
1-1: Ball
2-1: Called Strike
2-2: Ground out 4-3 (Groundball, 4, EV 83.1 MPH)
Bottom of the 6th over - 0 runs, 0 hits, 0 errors, 0 left on base; Ladue 4 - Redwood 0
TOP OF THE 7TH
Ladue Rams batting - Pitching for Redwood Rhinos : RHP Rubén Sánchez
Batting: LHB Ruff McGruffin 0-0: Ball
1-0: Ball
2-0: Ball
3-0: Base on Balls
Pitching: LHP Gael Rabbetts
Batting: RHB Gin-fan Chong 0-0: Called Strike
0-1: Foul Ball, location: 2F
0-2: Ball
1-2: Strikes out swinging
Batting: RHB Drew Rose 0-0: Ball
1-0: Foul Ball, location: 2F
1-1: Ball
2-1: Foul Ball, location: 2F
2-2: Foul Ball, location: 2F
2-2: Ball
3-2: Ground out 6-3 (Groundball, 6, EV 97.5 MPH)
Ruff McGruffin to second
Batting: RHB Yuk Ye 0-0: Intentional Walk
Batting: SHB Tom Lenehan 0-0: Ball
1-0: Swinging Strike
1-1: Called Strike
1-2: Ball
2-2: Ball
3-2: Foul Ball, location: 2F
3-2: Strikes out swinging
Top of the 7th over - 0 runs, 0 hits, 0 errors, 2 left on base; Ladue 4 - Redwood 0
BOTTOM OF THE 7TH
Redwood Rhinos batting - Pitching for Ladue Rams : LHP Bill Williams
Batting: RHB Guonçalle Sprengel 0-0: Foul Ball, location: 2F
0-1: Swinging Strike
0-2: Foul Ball, location: 2F
0-2: Strikes out swinging
Batting: RHB Arturo Beltrán 0-0: Called Strike
0-1: Ball
1-1: Foul Ball, location: 2F
1-2: Ball
2-2: Ground out 2-3 (Groundball, 2R, EV 70.0 MPH)
Batting: RHB Scott Fletcher 0-0: Called Strike
0-1: Ball
1-1: Ground out 6-3 (Groundball, 6, EV 80.0 MPH)
Bottom of the 7th over - 0 runs, 0 hits, 0 errors, 0 left on base; Ladue 4 - Redwood 0
TOP OF THE 8TH
Ladue Rams batting - Pitching for Redwood Rhinos : LHP Gael Rabbetts
Batting: LHB Jermaine Tuttle 0-0: Ball
1-0: Called Strike
1-1: Swinging Strike
1-2: Ball
2-2: Strikes out swinging
Batting: LHB Guillermo Valverde 0-0: Called Strike
0-1: Ball
1-1: Ball
2-1: Swinging Strike
2-2: Strikes out swinging
Batting: RHB Nick Davis 0-0: Foul Ball, location: 2F
0-1: Ground out 6-3 (Groundball, 6D, EV 101.2 MPH)
Top of the 8th over - 0 runs, 0 hits, 0 errors, 0 left on base; Ladue 4 - Redwood 0
BOTTOM OF THE 8TH
Redwood Rhinos batting - Pitching for Ladue Rams : LHP Bill Williams
Batting: SHB Ralph Ludwig 0-0: Ball
1-0: Foul Ball, location: 2F
1-1: Ball
2-1: Swinging Strike
2-2: Foul Ball, location: 2F
2-2: Strikes out looking
Batting: RHB Jimmy Cooper 0-0: Called Strike
0-1: Ball
1-1: Ball
2-1: Swinging Strike
2-2: Foul Ball, location: 2F
2-2: Fly out, F8 (Flyball, 78S, EV 76.9 MPH)
Batting: LHB Stan Daniels 0-0: Ball
1-0: Ground out U3 (Groundball, 34S, EV 80.6 MPH)
Bottom of the 8th over - 0 runs, 0 hits, 0 errors, 0 left on base; Ladue 4 - Redwood 0
TOP OF THE 9TH
Ladue Rams batting - Pitching for Redwood Rhinos : LHP Gael Rabbetts
Batting: RHB Tangaloa Manaolana 0-0: Ground out 6-3 (Groundball, 6S, EV 85.0 MPH)
Batting: LHB Ruff McGruffin 0-0: Ball
1-0: Called Strike
1-1: Ball
2-1: Foul Ball, location: 2F
2-2: Foul Ball, location: 2F
2-2: Foul Ball, location: 2F
2-2: SINGLE (Line Drive, 56, EV 110.0 MPH)
Batting: RHB Gin-fan Chong 0-0: SINGLE (Flyball, 9LS, EV 90.6 MPH)
Ruff McGruffin to second
Runner from 2nd tries for 3rd, SAFE, throw by RF made to third
Batting: RHB Drew Rose 0-0: Swinging Strike
0-1: Called Strike
0-2: Ball
1-2: Grounds into double play, 3-6-3 (Groundball, 34S, EV 83.8 MPH)
Top of the 9th over - 0 runs, 2 hits, 0 errors, 1 left on base; Ladue 4 - Redwood 0
BOTTOM OF THE 9TH
Redwood Rhinos batting - Pitching for Ladue Rams : LHP Bill Williams
Pitching: LHP Albert Crawford
Batting: LHB Lewis Burnell 0-0: Ball
1-0: Ball
2-0: Ball
3-0: Base on Balls
Batting: RHB Derek Leyva 0-0: Ball
1-0: Called Strike
1-1: Ball
2-1: Called Strike
2-2: Foul Ball, location: 2F
2-2: Strikes out swinging
Batting: RHB Luis Ibáńez 0-0: Ball
1-0: Grounds into double play, 6-4-3 (Groundball, 6, EV 105.0 MPH)
Bottom of the 9th over - 0 runs, 0 hits, 0 errors, 0 left on base; Ladue 4 - Redwood 0
Friday, March 26th, 2021 - OOTP Baseball 20.8 Build 74